[Event "25th Nepal Championship 2025"]
[Site "Hetauda"]
[Date "2025.01.26"]
[Round "1.1"]
[White "Bhandari, Kshitiz"]
[Black "Silwal, Purushottam"]
[Result "1-0"]
[Annotator "NA RC"]
[ECO "D87"]
[WhiteElo "2070"]
[BlackElo "2045"]
[PlyCount "34"]
[EventDate "2025.01.24"]
[EventType "tourn"]
[EventCountry "NEP"]
[SourceTitle "playchess.com"]
[Source "ChessBase"]
[SourceQuality "1"]
[TimeControl "5400+30"]

1. d4 Nf6 2. c4 g6 3. Nc3 d5 4. cxd5 Nxd5 5. e4 Nxc3 6. bxc3 Bg7 7. Bc4 c5 8. Ne2 O-O 9. O-O Nc6 10. Be3 b6 11. dxc5 Qc7 12. cxb6 axb6 13. Rb1 Ne5 14. Bd5 Rb8 15. Qa4 e6 16. Bb3 Bd7 17. Qa6 Bc8 1-0

[Event "25th Nepal Championship 2025"]
[Site "Hetauda"]
[Date "2025.01.26"]
[Round "1.2"]
[White "Subedi, Rajan"]
[Black "Maharjan, Suroj"]
[Result "1-0"]
[Annotator "TA"]
[WhiteElo "1982"]
[BlackElo "1952"]
[PlyCount "27"]
[EventDate "2025.01.24"]
[EventType "tourn"]
[EventCountry "NEP"]
[SourceTitle "playchess.com"]
[Source "ChessBase"]
[SourceQuality "1"]
[TimeControl "5400+30"]

1. b4 (1. d4 $11) 1... e5 {[%emt 0:01:14] A00: Irregular Openings.} 2. Bb2 Bxb4 3. Bxe5 {[%emt 0:00:00][%mdl 32768] Loss on time!?  OK:         	White=1     	Black=1      Best:        	White=1     	---} Nf6 $146 4. e3 O-O 5. Nf3 d5 6. c4 c5 7. Nc3 Bxc3 8. Bxc3 Nc6 9. Bxf6 Qxf6 10. cxd5 Nb4 11. Rc1 b6 12. Bc4 Bb7 13. Qb3 Rad8 14. d4 {0-1 Firouzja,A (2785)-Caruana,F (2764) Norway Masters blitz 11th 2023 (8)} 1-0

[Event "25th Nepal Championship 2025"]
[Site "Hetauda"]
[Date "2025.01.26"]
[Round "1.3"]
[White "Rai, Dhiren"]
[Black "Maharjan, Prem Krishna"]
[Result "0-1"]
[Annotator "NA RC"]
[ECO "C50"]
[WhiteElo "1878"]
[BlackElo "1882"]
[PlyCount "58"]
[EventDate "2025.01.24"]
[EventType "tourn"]
[EventCountry "NEP"]
[SourceTitle "playchess.com"]
[Source "ChessBase"]
[SourceQuality "1"]
[TimeControl "5400+30"]

1. e4 e5 2. Nf3 Nc6 3. Bc4 Nf6 4. d3 Bc5 5. O-O d6 6. a3 Bg4 7. Be3 Nd4 8. Nbd2 O-O 9. h3 Bh5 10. g4 Bg6 11. Bg5 Ne6 12. Bh4 Nf4 13. Kh2 h5 14. Rg1 hxg4 15. hxg4 c6 16. Ba2 Re8 17. Nc4 Kf8 18. b4 Bb6 19. Nxb6 axb6 20. Bg5 Rxa3 21. Bxf4 exf4 22. Qc1 Qa8 23. Nh4 Rxa2 24. Rb1 Qa4 25. Qxf4 Qxc2 26. Nxg6+ fxg6 27. Qxd6+ Kg8 28. Rbf1 Qe2 29. Qg3 Rd2 0-1

[Event "25th Nepal Championship 2025"]
[Site "Hetauda"]
[Date "2025.01.26"]
[Round "2.1"]
[White "Silwal, Purushottam"]
[Black "Phuyal, Aashish"]
[Result "1/2-1/2"]
[Annotator "NA RC"]
[ECO "C29"]
[WhiteElo "2045"]
[BlackElo "1981"]
[PlyCount "67"]
[EventDate "2025.01.24"]
[EventType "tourn"]
[EventCountry "NEP"]
[SourceTitle "playchess.com"]
[Source "ChessBase"]
[SourceQuality "1"]
[TimeControl "5400+30"]

1. e4 e5 2. Nc3 Nf6 3. f4 d5 4. fxe5 Nxe4 5. Qf3 Nxc3 6. bxc3 c5 7. Qg3 g5 8. d4 Be7 9. Bb5+ Nc6 10. Ne2 c4 11. O-O Be6 12. a4 h5 13. h4 gxh4 14. Qg7 Kd7 15. Nf4 Qg8 16. Qxg8 Raxg8 17. Kh2 Rg4 18. Be3 Rhg8 19. Rf2 Bg5 20. Bd2 Bxf4+ 21. Bxf4 Kc7 22. a5 Ne7 23. a6 b6 24. Raf1 R4g7 25. Bh6 Rh7 26. Bc1 Rhg7 27. Bh6 Rh7 28. Bc1 Rg3 29. Ba3 Nc8 30. Rf3 Rg6 31. Bf8 Rg8 32. Ba3 Rg6 33. Bf8 Rg8 34. Ba3 1/2-1/2

[Event "25th Nepal Championship 2025"]
[Site "Hetauda"]
[Date "2025.01.26"]
[Round "2.2"]
[White "Thapa, Binay"]
[Black "Rajbhandari, Rijendra"]
[Result "0-1"]
[Annotator "NA RC"]
[ECO "D02"]
[WhiteElo "1688"]
[BlackElo "2016"]
[PlyCount "100"]
[EventDate "2025.01.24"]
[EventType "tourn"]
[EventCountry "NEP"]
[SourceTitle "playchess.com"]
[Source "ChessBase"]
[SourceQuality "1"]
[TimeControl "5400+30"]

1. Nf3 d5 2. d4 Nf6 3. Bf4 c5 4. c3 Nc6 5. e3 Qb6 6. Qc2 g6 7. Nbd2 Bf5 8. Qb3 c4 9. Qxb6 axb6 10. Be2 b5 11. Nh4 Bd7 12. h3 b4 13. Nhf3 bxc3 14. bxc3 Bf5 15. g4 Bc8 16. O-O Bg7 17. Ne5 O-O 18. Nxc6 bxc6 19. a4 h5 20. f3 hxg4 21. hxg4 Nd7 22. Rfb1 Re8 23. Kf2 e5 24. Bg5 exd4 25. exd4 Nf8 26. Nf1 Ne6 27. Be3 c5 28. Rd1 cxd4 29. cxd4 Bd7 30. a5 Reb8 31. Ra2 Rb5 32. a6 Rb6 33. Ra5 Bc6 34. Rda1 Nxd4 35. Rd1 Rb5 36. Ra2 Ne6 37. f4 d4 38. Bc1 d3 39. Bf3 Bd4+ 40. Kg3 Bxf3 41. Kxf3 Nc5 42. Ne3 c3 43. Nd5 Rb1 44. a7 Nb3 45. Ne7+ Kf8 46. Ba3 Rxd1 47. Nc6+ Kg8 48. Nxd4 Nxd4+ 49. Ke4 Nb5 50. Be7 Rxa7 0-1

[Event "25th Nepal Championship 2025"]
[Site "Hetauda"]
[Date "2025.01.26"]
[Round "2.3"]
[White "Dahal, Sushrut"]
[Black "Tandukar, Nabin"]
[Result "1/2-1/2"]
[Annotator "NA RC"]
[ECO "A15"]
[WhiteElo "2021"]
[BlackElo "1920"]
[PlyCount "125"]
[EventDate "2025.01.24"]
[EventType "tourn"]
[EventCountry "NEP"]
[SourceTitle "playchess.com"]
[Source "ChessBase"]
[SourceQuality "1"]
[TimeControl "5400+30"]

1. c4 Nf6 2. e3 g6 3. Nf3 Bg7 4. Be2 c5 5. O-O O-O 6. a3 Nc6 7. d3 Rb8 8. Qc2 d6 9. Rd1 e5 10. Nc3 Re8 11. Rb1 d5 12. cxd5 Nxd5 13. Ne4 b6 14. Bd2 f5 15. Nc3 Be6 16. Nxd5 Qxd5 17. Bc3 Rbc8 18. Qd2 h6 19. Qe1 Qd7 20. b4 cxb4 21. axb4 Bf7 22. b5 Nd8 23. d4 e4 24. Ne5 Bxe5 25. dxe5 Qc7 26. Bb2 Nb7 27. Rbc1 Qe7 28. e6 Qxe6 29. Qd2 Red8 30. Rxc8 Qxc8 31. Bd4 Nc5 32. Rc1 Qd7 33. Qb4 Nb3 34. Rd1 Qc7 35. Bb2 Rxd1+ 36. Bxd1 Qc5 37. Qa4 Na5 38. h3 Bc4 39. Qa1 Bxb5 40. Bh8 Qe7 41. Bf6 Qd7 42. Bc2 Bc4 43. Qc3 Bd3 44. Bd1 Nc4 45. Bb3 b5 46. Bxc4+ Bxc4 47. Qe5 g5 48. Qb8+ Kf7 49. Qh8 Kg6 50. Bc3 Qe7 51. Qd4 a6 52. Qb6+ Qe6 53. Qc7 Qf7 54. Qd6+ Kh7 55. Qe5 Kg6 56. Qh8 f4 57. Qd4 Qe7 58. Qb6+ Qe6 59. Qd4 Kf7 60. Qg7+ Ke8 61. Bb4 fxe3 62. fxe3 Bd3 63. Kh1 1/2-1/2

[Event "25th Nepal Championship 2025"]
[Site "Hetauda"]
[Date "2025.01.26"]
[Round "2.4"]
[White "Maharjan, Prem Krishna"]
[Black "Jaiswal, Rupesh"]
[Result "0-1"]
[Annotator "NA RC"]
[ECO "B95"]
[WhiteElo "1882"]
[BlackElo "2093"]
[PlyCount "64"]
[EventDate "2025.01.24"]
[EventType "tourn"]
[EventCountry "NEP"]
[SourceTitle "playchess.com"]
[Source "ChessBase"]
[SourceQuality "1"]
[TimeControl "5400+30"]

1. e4 c5 2. Nf3 d6 3. d4 cxd4 4. Nxd4 Nf6 5. Nc3 a6 6. Bc4 e6 7. Bg5 Be7 8. Qd2 b5 9. Bd3 Qc7 10. f4 Bb7 11. Bxf6 Bxf6 12. Bxb5+ axb5 13. Ndxb5 Qb6 14. Nxd6+ Kf8 15. e5 Bh4+ 16. Kd1 Be7 17. Rf1 Nd7 18. Kc1 Nc5 19. Nxb7 Qxb7 20. f5 exf5 21. Rxf5 Ne4 22. Nxe4 Qxe4 23. Qf2 Rd8 24. a3 Qd5 25. Kb1 g6 26. Rf3 Kg7 27. Re3 Rhe8 28. Qe2 Rc8 29. Re4 Red8 30. b4 Rc3 31. Kb2 Rdc8 32. Rc1 Qa8 0-1

[Event "25th Nepal Championship 2025"]
[Site "Hetauda"]
[Date "2025.01.26"]
[Round "2.5"]
[White "Maharjan, Suroj"]
[Black "Rai, Dhiren"]
[Result "1-0"]
[Annotator "NA RC"]
[ECO "C62"]
[WhiteElo "1952"]
[BlackElo "1878"]
[PlyCount "76"]
[EventDate "2025.01.24"]
[EventType "tourn"]
[EventCountry "NEP"]
[SourceTitle "playchess.com"]
[Source "ChessBase"]
[SourceQuality "1"]
[TimeControl "5400+30"]

1. e4 e5 2. Nf3 Nc6 3. Bb5 d6 4. c3 Bd7 5. d4 exd4 6. cxd4 Nge7 7. Bc4 h6 8. Qb3 d5 9. Bxd5 Nxd5 10. Qxd5 Bg4 11. Qxd8+ Rxd8 12. d5 Bxf3 13. gxf3 Nd4 14. Kd1 Nxf3 15. Be3 f5 16. Ke2 fxe4 17. Nc3 Bb4 18. Nxe4 O-O 19. Rac1 Rf7 20. Rc4 Ba5 21. Rd1 Nxh2 22. Bxa7 b5 23. Rc6 Re8 24. Re6 Rd8 25. Bc5 b4 26. Ra6 Re8 27. Re6 Ra8 28. Rd3 Ng4 29. Rg3 Rf4 30. f3 Rxe4+ 31. fxe4 h5 32. Rh3 b3 33. axb3 Rb8 34. Re7 Nf6 35. Rg3 Ng4 36. Bd4 Kf8 37. Rxg7 Rxb3 38. Rxb3 Ke8 1-0

[Event "25th Nepal Championship 2025"]
[Site "Hetauda"]
[Date "2025.01.26"]
[Round "2.6"]
[White "Bhandari, Kshitiz"]
[Black "Subedi, Rajan"]
[Result "1/2-1/2"]
[Annotator "NA RC"]
[ECO "D53"]
[WhiteElo "2070"]
[BlackElo "1982"]
[PlyCount "163"]
[EventDate "2025.01.24"]
[EventType "tourn"]
[EventCountry "NEP"]
[SourceTitle "playchess.com"]
[Source "ChessBase"]
[SourceQuality "1"]
[TimeControl "5400+30"]

1. d4 d5 2. c4 e6 3. Nf3 Nf6 4. Nc3 a6 5. cxd5 exd5 6. Bg5 Be7 7. e3 Nbd7 8. Be2 O-O 9. O-O b5 10. Ne5 Bb7 11. Nxd7 Qxd7 12. a4 b4 13. Na2 a5 14. Nc1 Ne4 15. Bxe7 Qxe7 16. Nb3 c5 17. dxc5 Nxc5 18. Nd4 Ne6 19. Nb3 Rfd8 20. Qd2 d4 21. Bc4 dxe3 22. Qxe3 Qf6 23. Bxe6 fxe6 24. Nc5 Bd5 25. b3 Qg6 26. f3 Rac8 27. Rac1 Rc6 28. Nd3 Rc3 29. Rxc3 bxc3 30. Ne5 Qc2 31. Rc1 Qxb3 32. Rxc3 Qxa4 33. Rc7 h6 34. h3 Qb3 35. Qa7 Qb1+ 36. Kh2 Qh7 37. Qxa5 Qf5 38. Rxg7+ Kxg7 39. Qc7+ Kg8 40. Qxd8+ Kg7 41. Qc7+ Kf6 42. Ng4+ Kg6 43. Qb8 Kg7 44. Qg3 Kh7 45. Qe5 Kg6 46. Qe3 h5 47. Ne5+ Kf6 48. Nd3 Qg5 49. Qd4+ Kf7 50. h4 Qf6 51. Qxf6+ Kxf6 52. Nf4 Bc6 53. Nxh5+ Kf5 54. Kg3 e5 55. Kf2 Bd5 56. Ke3 Bc6 57. Ng3+ Kf6 58. Ne4+ Kg6 59. g4 Bb5 60. Kf2 Bc6 61. Kg3 Bd7 62. h5+ Kh6 63. Kh4 Be6 64. Nc5 Bd5 65. g5+ Kg7 66. Kg4 Bc6 67. Ne6+ Kh7 68. Nc5 Kg7 69. Ne4 Bd7+ 70. Kh4 Bc6 71. Kg4 Bd7+ 72. Kg3 Bc6 73. Kf2 Be8 74. Nf6 Bc6 75. Ke3 Kf7 76. Kf2 Kg7 77. Ng4 e4 78. f4 Ba4 79. f5 Bd7 80. f6+ Kh7 81. g6+ Kg8 82. Nh6+ 1/2-1/2

[Event "25th Nepal Championship 2025"]
[Site "Hetauda"]
[Date "2025.01.27"]
[Round "3.1"]
[White "Subedi, Rajan"]
[Black "Silwal, Purushottam"]
[Result "1/2-1/2"]
[Annotator "TA"]
[ECO "E60"]
[WhiteElo "1982"]
[BlackElo "2045"]
[PlyCount "222"]
[EventDate "2025.01.24"]
[EventType "tourn"]
[EventCountry "NEP"]
[SourceTitle "playchess.com"]
[Source "ChessBase"]
[SourceQuality "1"]
[TimeControl "5400+30"]

1. d4 Nf6 2. c4 g6 3. h4 c5 4. d5 b5 5. cxb5 a6 6. bxa6 {[%emt 0:02:37][%cal Oa6a7] E60: King's Indian: Unusual lines and Fianchetto Variation without Nc3.} Bxa6 7. e3 Bxf1 8. Kxf1 d6 9. Nc3 Bg7 10. Nge2 Nbd7 11. Nf4 h5 $146 (11... h6 12. a4 O-O 13. Rh3 Qa5 14. Bd2 Rfb8 15. Qc2 Qa6+ 16. Kg1 Qc4 17. Ra3 Rb7 {0-1 Falke,O (1655)-Muedder,M (1949) GER-chT Lands U20 2021 (2.4)}) 12. Rh3 Qb6 13. Rb1 Ne5 (13... Ng4 {feels hotter.} 14. Bd2 O-O 15. Rg3 Rfb8) 14. Kg1 (14. b3 $5) 14... O-O {[%emt 0:05:28] Black sacrificed a pawn} 15. Nd3 Nxd3 16. Qxd3 Qa6 17. Qc2 Rfb8 {[%emt 0:01:51][%mdl 1024] Black has compensation.} 18. e4 Ng4 19. a3 Bd4 20. Nd1 c4 (20... Rb7 $11) 21. Be3 (21. Bd2 $1 $14) 21... Bg7 22. Rc1 Nxe3 23. Nxe3 (23. Rxe3 $11 Bh6 24. g3) 23... Bxb2 $17 {[%emt 0:18:29][%csl Oc4] Black has a strong passed pawn} (23... Rxb2 24. Qxc4 Qxc4 (24... Qxa3 25. Nd1 $16) 25. Nxc4 $16) 24. Rf1 {[%emt 0:04:50] Counterplay Black} c3 25. Rg3 Qa4 (25... Qxa3 26. e5 dxe5 27. Rxg6+ fxg6 28. Qxg6+ Kf8 29. Nf5 $11) 26. Qd3 Qa6 27. Qc2 Qa4 (27... Qxa3 28. e5 Kh7 (28... dxe5 29. Rxg6+ fxg6 30. Qxg6+ Kf8 31. Nf5 $16) 29. e6 $11) 28. Qd3 $1 Qa6 29. Qc2 Qxa3 (29... Kh7 $17 30. Nd1 Qa4 (30... Qxa3 31. Nxb2 Rxb2 32. Qxc3 $17) 31. Qxa4 Rxa4 32. Nxc3 Bxc3 (32... Rxa3 33. Ne2 $15) 33. Rxc3 Rxe4) 30. Qe2 (30. e5 $1 $15 Kh7 (30... dxe5 31. Rxg6+ fxg6 32. Qxg6+ Kf8 33. Nf5 $16) 31. e6) 30... Kh7 31. Nc2 Qa6 32. Qe3 (32. Qf3 $142 f6 33. Qd1) 32... Rg8 33. Re1 Rg7 34. Kh2 Qc4 35. f4 $1 Ra4 36. Qf3 e6 (36... Qb3 $15 37. Qe2 Qc4) 37. Rg5 (37. dxe6 $1 $11 Qxe6 (37... fxe6 38. Rg5 $15) 38. Rg5) 37... f6 (37... Ra5 $1 $17 38. dxe6 Rxg5 39. hxg5 Qxe6 (39... fxe6 40. Rd1 $17)) 38. Rg3 (38. Rxh5+ $1 $11 gxh5 39. Qxh5+ Kg8 40. Qe8+ Kh7 41. Qh5+) 38... f5 (38... exd5 39. f5 d4 (39... dxe4 $2 40. fxg6+ Kh8 41. Qxf6 $18) 40. fxg6+ Kh8 41. Qxf6 $18 (41. Qxh5+ Kg8 $16)) 39. dxe6 $2 (39. Rxg6 $1 $11 Rxg6 (39... Kxg6 40. exf5+ Kh7 41. Qxh5+ Kg8 42. Qe8+ Kh7 43. Qh5+ Kg8 44. Qe8+ Kh7 45. Qh5+ $11) 40. Qxh5+ Kg7 41. dxe6) 39... fxe4 $2 (39... Qxe6 $19 40. e5 Rd7) 40. Qd1 (40. Qf2 $1 $15 Qxe6 41. Rg5) 40... Qxe6 41. Rg5 Qf6 (41... Rf7 $17 42. g3 Rf6) 42. g3 Raa7 $2 (42... Qe6 $11 {and Black stays safe.}) 43. Rxe4 $2 (43. Rf1 $1 $18) 43... Rae7 $36 {[%emt 0:00:09][%mdl 2048] Against f5. Black fights for an advantage.} 44. Rd4 (44. Re3 $11) 44... Qe6 $1 $19 45. Qb1 Qe2+ 46. Kg1 Re3 47. Rxd6 $2 (47. Rd1 Rd3 48. Re1) 47... Rd3 $1 (47... Rf3 48. Qe1 Qxe1+ (48... Qxc2 49. Rdxg6 $11) 49. Nxe1 $17) 48. Rxd3 Qxd3 49. f5 gxf5 $2 (49... Re7 $1 $19 50. fxg6+ Kg7) 50. Rxh5+ $11 Kg6 51. Rg5+ Kf6 52. Qf1 $2 (52. Qe1 $11 {and White has nothing to worry.}) 52... Qxf1+ (52... Qxc2 53. Qa6+ Kf7 54. Qc4+ Kf6 55. Qd4+ Ke6 56. Rxg7 (56. Qxg7 Qd1+ 57. Kg2 Qe2+ 58. Kg1 Qe1+ 59. Kh2 Qe2+ 60. Kg1 Qd1+ 61. Kf2 Qc2+ 62. Kg1 Qd1+ $11) 56... Qc1+ 57. Kf2 Qc2+ 58. Ke3 Qc1+ 59. Ke2 Qc2+ 60. Kf1 Qc1+ 61. Kf2 Qc2+ 62. Kf1 Qc1+ 63. Ke2 Qc2+ 64. Kf1 $11) (52... Rd7 $1 $19 53. Qf2 Bc1) 53. Kxf1 $15 Rxg5 (53... Rd7 $1 $15 54. Ke1 Rd2) 54. hxg5+ $11 Kxg5 $19 {[%emt 0:00:06][%mdl 4096] Endgame KB-KN. Black is a pawn up.} 55. Kf2 $1 Bc1 56. Kf3 Kh5 57. Nd4 Bh6 58. Nc2 Kg5 59. Ne3 Bf8 (59... Kg6 $5 60. Nc2 $8 Kh5 $11) 60. Nc2 Bc5 61. Ne1 (61. Ke2 $1 $11) 61... Ba3 (61... Bd6 $1 $17) 62. Nc2 $11 Bc1 63. Ne1 Kh5 (63... Bd2 $5 64. Nc2 $8 Kh5 $11) 64. Nc2 Bd2 65. Nd4 Kg5 66. Nc2 Kh5 67. Nd4 Bh6 68. Nc2 Bg7 69. Ne3 Be5 70. Nc2 Kg5 71. Ne3 (71. Kf2 $11) 71... Kh5 ({Black should play} 71... Bd6 $1 $17 72. Nc2 Kf6) 72. Nc2 $1 Kg6 73. Ne1 {[%emt 0:01:03] [#]} (73. Kf2 $11 {keeps the balance.}) 73... Kf6 (73... Bd6 $1 $17 74. Nc2 Kf6) 74. Nc2 {[%emt 0:00:48] [#]} (74. g4 $11) 74... Ke6 (74... Bd6 $1 $17 75. g4 f4) 75. Ne3 $2 (75. Nb4 $11) 75... Bd6 {[%emt 0:00:12] Strongly threatening ...Bc5.} 76. Nc2 Kd5 77. Ne3+ Kd4 {[%emt 0:01:15] ( -> ...Kd3)} 78. Ke2 Ke4 (78... Bxg3 79. Nxf5+ Ke4 80. Nxg3+ $11) 79. Nd1 c2 $2 ({Not} 79... Bxg3 80. Nxc3+ Kd4 81. Nd1 $11) (79... Be5 $19 {[%cal Oe5d4] ( -> ...Bd4!)} 80. Nf2+ Kd4) 80. Nf2+ $1 {[%emt 0:00:27] The position is equal.} Kd4 81. Kd2 Bxg3 (81... Bf8 {simplifies} 82. Kxc2 Bh6 83. Nd1 Bg5) 82. Nh3 Bh4 83. Kxc2 Ke3 84. Kd1 Bf2 85. Ng5 Bh4 86. Nh3 Kf3 87. Ng1+ $1 Kf2 88. Nh3+ Kf1 89. Nf4 Kf2 90. Nh3+ Ke3 91. Kc2 Bf6 92. Kd1 Bc3 93. Kc2 $1 Ba5 94. Kd1 Bd2 95. Kc2 Ke2 96. Ng1+ Ke3 97. Nh3 Ba5 98. Kd1 Bb4 99. Kc2 $1 Bd6 100. Kd1 Bg3 101. Kc2 Ke2 102. Kc3 Kf3 103. Kd3 Kg4 104. Ng1 Bf2 105. Ne2 Kf3 106. Nc3 Ba7 107. Nd5 Bf2 108. Nc3 Bc5 109. Nd5 Kg3 110. Ke2 Bd4 111. Kf1 Kf3 {[%emt 0:00:00] And White is the lucky defender.   Weighted Error Value: White=0.44/Black=0.43  Loses game:     	White=4     	Black=1      Missed win:     	White=1     	Black=2      Mistake:       	White=12    	Black=11     Inaccurate:     	White=6     	Black=6      OK:         	White=35    	Black=13     Best:        	White=11    	Black=2      Strong:       	White=7     	Black=2} 1/2-1/2

[Event "25th Nepal Championship 2025"]
[Site "Hetauda"]
[Date "2025.01.27"]
[Round "3.2"]
[White "Rai, Dhiren"]
[Black "Bhandari, Kshitiz"]
[Result "1-0"]
[Annotator "TA"]
[ECO "C01"]
[WhiteElo "1878"]
[BlackElo "2070"]
[PlyCount "51"]
[EventDate "2025.01.24"]
[EventType "tourn"]
[EventCountry "NEP"]
[SourceTitle "playchess.com"]
[Source "ChessBase"]
[SourceQuality "1"]
[TimeControl "5400+30"]

1. e4 e6 2. Nf3 d5 3. exd5 exd5 4. d4 Nf6 5. Bd3 Bd6 6. O-O O-O 7. Bg5 c5 8. dxc5 Bxc5 9. c3 Nc6 10. Nbd2 Be7 $146 {[%emt 0:00:00] C01: French: Exchange Variation.} (10... Re8 11. Qa4 h6 12. Bh4 g5 13. Nxg5 hxg5 14. Bxg5 Kg7 15. Rae1 Rh8 16. Nf3 Bd6 17. h4 Be6 18. Bb5 {1-0 Vysochin,S (2512)-Polivanov,A (2439) Malakhatko Memorial op blitz 2023 (11)}) 11. Bxf6 (11. Re1 $14) 11... Bxf6 $11 12. Nb3 Qb6 {[%emt 0:00:00] The position is equal.} 13. Qc2 g6 14. Rad1 Bg4 15. Be2 Rfd8 16. h3 Be6 17. Nbd4 Rac8 {[%emt 0:00:00] [#] ...Nxd4 is the strong threat.} 18. Qb3 Qc7 19. Rfe1 Na5 20. Nxe6 fxe6 21. Qb4 e5 22. Qg4 Qf7 (22... Rb8 $14) 23. Ng5 {[%emt 0:00:00] White is more active.} Bxg5 24. Qxg5 {[%emt 0:00:00][%cal Oe2g4] and Bg4! should not be overlooked} e4 $2 (24... Nc6 $16 {was necessary.}) 25. Bg4 $18 Ra8 {[%emt 0:00:37] [#]} 26. Rxe4 $3 {[%emt 0:00:00][%mdl 512] Weighted Error Value: White=0.10 (very precise) /Black=0.42  Loses game:     	---       	Black=1      Mistake:       	White=1     	Black=1      Inaccurate:     	---       	Black=1      OK:         	White=5     	Black=2      Best:        	White=1     	---        Brilliant:      	White=1     	---} 1-0

[Event "25th Nepal Championship 2025"]
[Site "Hetauda"]
[Date "2025.01.27"]
[Round "3.3"]
[White "Jaiswal, Rupesh"]
[Black "Maharjan, Suroj"]
[Result "1-0"]
[Annotator "TA"]
[ECO "D04"]
[WhiteElo "2093"]
[BlackElo "1952"]
[PlyCount "147"]
[EventDate "2025.01.24"]
[EventType "tourn"]
[EventCountry "NEP"]
[SourceTitle "playchess.com"]
[Source "ChessBase"]
[SourceQuality "1"]
[TimeControl "5400+30"]

1. Nf3 d5 2. d4 Nf6 3. e3 Bg4 4. Nbd2 c5 5. h3 Bxf3 6. Nxf3 {[%emt 0:00:05] D04: Colle System.} Nc6 7. b3 $146 (7. Be2 e6 8. O-O Bd6 9. dxc5 Bxc5 10. a3 a5 11. c4 O-O 12. Bd2 Ne4 13. cxd5 Qxd5 {1-0 Santos Latasa,J (2626)-Riehle,M (2380) Titled Tuesday intern op 14th May Late blitz 2024 (4)}) 7... cxd4 8. exd4 {[%emt 0:02:27] The position is equal.} Ne4 {[%emt 0:00:49][%cal Oe7e5] ...e5! is in the air} 9. Bd3 Qa5+ 10. Bd2 Nxd2 11. Qxd2 Qxd2+ 12. Kxd2 e6 13. Bb5 f6 14. c4 a6 15. Ba4 Bd6 16. cxd5 exd5 {[%emt 0:01:04] White must now prevent ...b5.} 17. Bxc6+ bxc6 18. Kd3 a5 19. Rab1 Kd7 20. Ne1 a4 21. b4 a3 22. Nc2 Rhb8 23. Rb3 Ra4 24. Rhb1 Rba8 25. Kc3 Kc7 26. Kd3 Kb6 27. Ne3 (27. b5 $5 c5 $8 28. dxc5+ Bxc5 29. Re1 $11) 27... Kb5 (27... Rd8 $14) 28. Nd1 $1 $18 Kb6 29. Nc3 R4a7 30. b5 Bc7 $2 (30... Kb7 31. bxc6+ Kxc6 32. Rb6+ Kd7 33. Nxd5 h5) 31. bxc6+ (31. Rc1 $142) 31... Kxc6 32. Rc1 Bf4 (32... Kd7 {might work better.} 33. Nxd5 Bd8) 33. Rc2 Kd7 34. Nxd5 Rb8 35. Rxb8 (35. Nxf4 $2 Rxb3+ 36. axb3 a2 $17) 35... Bxb8 {[%emt 0:00:05][%mdl 4096] Endgame KRB-KRN. White is a pawn up.} 36. Nb6+ Ke6 37. Rc6+ Kf5 38. Nc4 Rd7 39. Ra6 (39. Nxa3 $6 Ra7 $18) 39... Be5 40. Ne3+ (40. Rxa3 Bxd4 41. Ke2 Re7+ 42. Kf1 Rc7 $11) 40... Kg6 41. Nc2 (41. Rxa3 Rxd4+ 42. Ke2 Rb4 $14) 41... Bf4 42. Rxa3 Rb7 43. Rb3 Ra7 44. a3 Bd6 45. Rb1 h5 46. Ra1 Ra4 47. Kc3 Kf5 48. Ne3+ Ke4 49. Nc4 Bc7 50. Rb1 g5 51. Rb7 Bh2 52. Rb5 h4 53. Kb3 (53. Nd2+ $142 Kf4 54. Nc4) 53... Ra7 54. Nd2+ $2 (54. d5 $18) 54... Kd3 $1 $14 55. Nc4 ({White should play} 55. Nf3 $14 Bc7 56. Rf5) 55... Kxd4 ({Black should play} 55... Ke4 $11) 56. Ne3 (56. a4 $14) 56... Kd3 $1 $11 57. Ng4 Bf4 58. Nxf6 {[%emt 0:01:43] a4 poses a challenge} Ke2 59. Ne4 Re7 60. Nxg5 {[%emt 0:02:43] Strongly threatening Nf3.} ({But not} 60. Rb4 $6 Bc7 $16) 60... Kxf2 61. Rf5 Kg3 $1 62. a4 Re5 $2 (62... Bc7 $11) 63. Rxe5 {[%emt 0:00:43] White mates.} Bxe5 {[%emt 0:00:00] KB-KN. White is two pawns up.} 64. Nf3 Bc7 {[%emt 0:00:00] [#]} 65. Nxh4 $1 Kxh4 {[%emt 0:00:00] KB-K3P} (65... Kf4 66. g4) 66. Kb4 Kg3 67. a5 Bf4 68. a6 Be3 69. Kb5 Kxg2 70. h4 $1 Kf3 {[%emt 0:00:19] [#]} 71. h5 $1 Ke4 {[%emt 0:00:26] [#]} 72. h6 $1 Kf5 (72... Kd5 73. h7) 73. h7 Bd4 {[%emt 0:00:00] [#]} 74. a7 $1 {[%emt 0:00:27][%mdl 512] Weighted Error Value: White=0.22 (precise) /Black=0.26 (precise)   Loses game:     	---       	Black=1      Missed win:     	White=1     	---        Mistake:       	White=4     	Black=4      Inaccurate:     	White=2     	Black=3      OK:         	White=30    	Black=11     Best:        	White=5     	Black=6      Strong:       	White=1     	Black=3} 1-0